 Dungeon Crawl Stone Soup version 0.26.0-45-g9c1d065592 (webtiles) character file.

Game seed: 9624860090770222669

173 kaeus the Skirmisher (level 5, -9/37 HPs)
             Began as an Octopode Fighter on Jan 29, 2021.
             Mangled by an ogre
             ... wielding a +0 giant club
              (11 damage)
             ... on level 3 of the Dungeon.
             The game lasted 00:03:05 (3404 turns).

kaeus the Skirmisher (Octopode Fighter)             Turns: 3404, Time: 00:03:06

Health: -9/37      AC:  1    Str: 16    XL:     5   Next: 53%
Magic:  7/7        EV: 12    Int: 10    God:
Gold:   160        SH:  9    Dex: 12    Spells: 6/6 levels left

rFire    . . .     SeeInvis .   a - +0 rapier
rCold    . . .     Faith    .   b - +0 kite shield
rNeg     + . .     Spirit   .   (helmet restricted)
rPois    .         Reflect  .   (no amulet)
rElec    .         Harm     .   e - ring of positive energy
rCorr    .         Rampage  .   (no ring)
Will     .....                  (no ring)
Stlth    +++.......             (no ring)
HPRegen  0.12/turn              (no ring)
MPRegen  0.10/turn              (no ring)
                                (no ring)
                                (no ring)

@: no status effects
A: almost no armour, stealthy swim, amphibious, 8 rings, constrict 8, camouflage
1, gelatinous body 1
a: no special abilities


You were on level 3 of the Dungeon.
You visited 1 branch of the dungeon, and saw 3 of its levels.

You collected 160 gold pieces.

Inventory:

Hand Weapons
 a - a +0 rapier (weapon)
Missiles
 l - 18 poisoned darts
Armour
 b - a +0 kite shield (worn)
Jewellery
 e - a ring of positive energy (left tentacle)
Scrolls
 d - 3 scrolls of identify {unknown}
 f - 4 scrolls of remove curse {unknown}
 g - 2 scrolls of teleportation {unknown}
 i - a scroll of enchant armour {unknown}
 m - a scroll of enchant weapon {unknown}
 o - a scroll of magic mapping {unknown}
Potions
 c - a potion of might
 h - 2 potions of lignification {unknown}
 j - 2 potions of attraction {unknown}
 k - 3 potions of heal wounds {unknown}
 n - a potion of berserk rage {unknown}
 p - a potion of flight {unknown}
 q - 2 potions of degeneration {unknown}


   Skills:
 + Level 3.7 Fighting
 + Level 2.8 Short Blades
 + Level 3.5 Dodging
 + Level 2.9 Stealth
 + Level 3.6 Shields
 + Level 1.3 Spellcasting


You had 6 spell levels left.
You didn't know any spells.
Your spell library was empty.

Dungeon Overview and Level Annotations

Branches:
Dungeon (3/15)

Altars:
Fedhas
Xom


Innate Abilities, Weirdness & Mutations

You cannot wear most types of armour.
You are very stealthy in the water. (Stealth+)
You are amphibious.
You can wear up to eight rings at the same time.
You can use your tentacles to constrict eight enemies at once.
Your skin changes colour to match your surroundings (Stealth+).
Your rubbery body absorbs attacks. (AC +1, EV +1)


Message History

The ogre is moderately wounded.
You barely miss the ogre. You squeeze the ogre.
The ogre is heavily wounded.
You block the ogre's attack.
You closely miss the ogre. You squeeze the ogre!
The ogre is severely wounded.
You block the ogre's attack.
You hit the ogre but do no damage. You squeeze the ogre, but do no damage.
The ogre is severely wounded.
You block the ogre's attack.
You hit the ogre but do no damage.
The ogre is severely wounded.
The ogre hits you with a +0 giant club!!
Ouch! That really hurt!
* * * LOW HITPOINT WARNING * * *
You take 23 damage, and have 1/37 hp.
MASSIVE DAMAGE!!
You puncture the ogre! Your squeeze misses the ogre.
The ogre is almost dead.
The ogre hits you with a +0 giant club!
You die...

#.............# #.#.#######
##...######...# #.#o#.....#
###..# #...# #.#.#O###.#
######.# #...# #.#.#<..#.#
.♣...♣.## #...# #.#.#####.#
♣♣♣.♣♣♣.####...####.#..o....#
.♣...♣............#.#########
...♣...♣..........#.#
♣.♣♣♣.♣♣♣......O@.#.#
...♣...♣..........#[#
.♣...♣...♣.....)....#
♣♣♣.♣♣♣.♣♣♣.......###
.♣...♣...♣).......#
...♣...♣..........#
♣.♣♣♣.♣♣♣..##...###
...♣...♣...##...#
.♣..)♣....#######


You could see an ogre.

Vanquished Creatures
  A centaur zombie (D:3)
  6 adders
  An ooze (D:1)
  4 worms
  2 leopard geckos (D:2)
  4 orcs (D:3)
  3 giant cockroaches
  9 goblins
  6 hobgoblins
  4 jackals
  2 quokkas
  3 ball pythons
  8 bats
  4 frilled lizards
  11 kobolds
  4 rats
72 creatures vanquished.

Notes
Turn   | Place    | Note
-------+----------+-------------------------------------------
     0 | D:1      | kaeus the Octopode Fighter began the quest for the Orb.
     0 | D:1      | Reached XP level 1. HP: 16/16 MP: 1/1
    82 | D:1      | Reached XP level 2. HP: 14/21 MP: 2/2
   230 | D:1      | Reached skill level 1 in Stealth
   483 | D:1      | Reached XP level 3. HP: 15/26 MP: 3/3
  1197 | D:2      | Found a blossoming altar of Fedhas.
  1553 | D:2      | Reached XP level 4. HP: 23/31 MP: 5/5
  1710 | D:2      | Found a shimmering altar of Xom.
  1942 | D:3      | Noticed an ogre
  2330 | D:3      | Reached skill level 1 in Spellcasting
  2549 | D:3      | Reached XP level 5. HP: 36/36 MP: 6/6
  3403 | D:3      | HP: 1/37 [ogre/+0 giant club (23)]
  3404 | D:3      | Mangled by an ogre

Illustrated notes

Levels and vault maps discovered:
D:1:      minmay_arrival_split_and_join, layout_loops_ring, grunt_decor_fettered
D:2:      layout_rooms, lemuel_round_altar, old_standard_altar
D:3:      layout_basic, grunt_decor_arrowhead, kennysheep_doodads, st_stairs_13,
          hangedman_feature_mirror, minivault_4

Skill      XL: |  1  2  3  4 |
---------------+-------------+-----
Stealth        | 1 2 |  2.9
Spellcasting   | 1 |  1.3
Fighting       | |  3.7
Short Blades   | |  2.8
Dodging        | |  3.5
Shields        | |  3.6

Action                   |  1- 3 |  4- 6 || total
-------------------------+-------+-------++-------
Melee: Rapier            |    68 |    80 ||   148
       Constrict         |    20 |    12 ||    32
       Tentacles         |    13 |     9 ||    22
Throw: Dart              |     2 |       ||     2
 Stab: Sleeping          |     8 |    11 ||    19
Armor: Skin              |     8 |     5 ||    13
Dodge: Dodged            |    25 |    29 ||    54
Block: Kite shield       |    29 |    21 ||    50
